 Dungeon Crawl Stone Soup version 0.23-a0-335-gba3dfdf (webtiles) character file.

202747 Mgcat the Warrior (level 19, -3/124 HPs)
             Began as a Kobold Fighter on Oct 17, 2018.
             Was a High Priest of Trog.
             Slain by Ilsuiw
             ... wielding a +0 trident of freezing
              (5 damage)
             ... on level 4 of the Shoals.
             The game lasted 01:44:09 (41337 turns).

Mgcat the Warrior (Kobold Fighter)                 Turns: 41337, Time: 01:44:10

Health: -3/124     AC: 23    Str: 31    XL:     19   Next: 76%
Magic:  0/26       EV: 18    Int: 23    God:    Trog [*****.]
Gold:   2706       SH:  0    Dex: 15    Spells: 18/18 levels left

rFire    . . .     SeeInvis .   b - +8 lajatang of Aru Pyr {slice, rPois rC+ Str+4 Int+5}
rCold    + . .     Gourm    .   (shield currently unavailable)
rNeg     + . .     Faith    .   U - +1 chain mail "Leyrchobb" {+Inv rElec Str+2 Int+2} (curse)
rPois    +         Spirit   +   n - +2 helmet {Int+3}
rElec    +         Reflect  .   (no cloak)
rCorr    .         Harm     .   F - +2 pair of gloves
MR       ++...     Rnd*Rage +   w - +2 pair of boots
Stlth    ..........             X - amulet of guardian spirit {Spirit}
HPRegen  0.30/turn              c - ring "Nyanaocaz" {rN+ Str+4 Int+4}
MPRegen  0.20/turn              B - ring of protection from magic {MR+, !d}

@: engulfed (cannot breathe), flying, mesmerised
A: small, berserk 1, carnivore, mutation resistance 1
a: Berserk, Trog's Hand, Brothers in Arms, Renounce Religion, Evoke Invisibility


You were on level 4 of the Shoals.
You worshipped Trog.
Trog was extremely pleased with you.
You were very full.

You visited 6 branches of the dungeon, and saw 31 of its levels.
You also visited: Ossuary.

You collected 3303 gold pieces.
You spent 597 gold pieces at shops.

Inventory:

Hand Weapons
 a - the +11 rapier of Change {flame, rElec rPois MR+ Dex-5}
   (You found it on level 9 of the Dungeon)

   It has been specially enchanted to burn those struck by it, causing extra
   injury to most foes and up to half again as much damage against particularly
   susceptible opponents.
   It affects your dexterity (-5).
   It insulates you from electricity.
   It protects you from poison.
   It affects your resistance to hostile enchantments.
 b - the +8 lajatang of Aru Pyr (weapon) {slice, rPois rC+ Str+4 Int+5}
   (You bought it in a shop on level 2 of the Orcish Mines)

   It inflicts extra damage upon your enemies.
   It affects your strength (+4).
   It affects your intelligence (+5).
   It protects you from cold.
   It protects you from poison.
Missiles
 g - 4 throwing nets {=f, !d}
Armour
 n - a +2 helmet of intelligence (worn)
   (You found it on level 4 of the Shoals)
 w - a +2 pair of boots (worn)
   (You found it on level 4 of the Dungeon)
 F - a +2 pair of gloves (worn)
   (You found it on level 10 of the Dungeon)
 U - the cursed +1 chain mail "Leyrchobb" (worn) {+Inv rElec Str+2 Int+2}
   (You found it on level 12 of the Dungeon)

   It affects your strength (+2).
   It affects your intelligence (+2).
   It insulates you from electricity.
   It lets you turn invisible.
   It has a curse placed upon it.
Jewellery
 c - the ring "Nyanaocaz" (left hand) {rN+ Str+4 Int+4}
   (You acquired it on level 14 of the Dungeon)

   [ring of positive energy]

   It affects your strength (+4).
   It affects your intelligence (+4).
   It protects you from negative energy.
 d - an uncursed ring of see invisible {sInv, !d}
   (You found it on level 4 of the Dungeon)
 k - an uncursed ring of resist corrosion
   (You found it on level 2 of the Dungeon)
 B - a ring of protection from magic (right hand) {MR+, !d}
   (You found it on level 6 of the Dungeon)
 E - an uncursed ring of protection from fire {rF+, !d}
   (You found it on level 10 of the Dungeon)
 X - an amulet of guardian spirit (around neck) {Spirit}
   (You found it on level 14 of the Dungeon)
Wands
 q - a wand of digging (23)
   (You took it off Blork the orc on level 5 of the Dungeon)
 u - a wand of random effects (35)
   (You found it on level 5 of the Dungeon)
 v - a wand of enslavement (24)
   (You found it on level 6 of the Dungeon)
 y - a wand of polymorph (14)
   (You found it on level 7 of the Dungeon)
 z - a wand of iceblast (24)
   (You found it on level 1 of the Lair of Beasts)
 G - a wand of acid (15)
   (You found it on level 2 of the Lair of Beasts)
 L - a wand of flame (71)
   (You took it off an orc on level 12 of the Dungeon)
 T - a wand of paralysis (14)
   (You found it on level 4 of the Lair of Beasts)
Scrolls
 e - 5 scrolls of fog
 h - 20 scrolls of remove curse
 l - a scroll of blinking {!r}
 m - 10 scrolls of teleportation
 r - 9 scrolls of identify
 C - 2 scrolls of magic mapping {!r}
 H - 7 scrolls of enchant armour
 S - 5 scrolls of enchant weapon
Potions
 j - a potion of haste
 o - 8 potions of flight
 p - 11 potions of curing
 t - 3 potions of ambrosia
 I - 6 potions of lignification {!q}
 J - 4 potions of heal wounds
 K - 2 potions of resistance
 N - 2 potions of invisibility
 P - 4 potions of might
 R - a potion of agility
 V - a potion of cancellation
Miscellaneous
 A - a crystal ball of energy
   (You found it on level 4 of the Shoals)
Comestibles
 f - 39 rations
 i - 2 chunks of flesh {@w0}


   Skills:
 + Level 15.1 Fighting
 - Level 14.4 Short Blades
 + Level 14.1 Staves
 + Level 10.2 Armour
 + Level 10.3 Dodging
   Level 14.0 Shields
 - Level 10.0 Evocations


You had 18 spell levels left.
You didn't know any spells.
Your spell library was empty.

Dungeon Overview and Level Annotations

Branches:
Dungeon (15/15)            Temple (1/1) D:6            Lair (6/6) D:9
 Shoals (4/4) Lair:2        Snake (3/4) Lair:2        Slime (0/5) Lair:6
    Orc (2/2) D:12            Elf (0/3) Orc:2        Vaults (0/5) D:14
 Depths (0/5) D:15

Altars:
Cheibriados
Elyvilon
Fedhas
Gozag
Hepliaklqana
Kikubaaqudgha
Makhleb
Nemelex Xobeh
Okawaru
Qazlal
Ru
Sif Muna
Trog
Uskayaw
Wu Jian
Xom
Yredelemnul
Zin
The Shining One
Beogh

Shops:
D:6 }   Orc:2 ??*(*??([   Shoals:2 (   Shoals:4 %   Snake:1 **   Snake:2 !

Portals:
Hell: Lair:6
Trove: D:10 (give +8 demon trident)

Annotations:
D:3 4 runed doors, Gorice's ghost, amateur GnWn
D:4 exclusion: oklob plant
D:6 1 runed door, CasualChangeling's ghost, novice KoHu
D:14 3 runed doors, epen's ghost, journeyman GnAK
Lair:2 exclusion: oklob plant
Shoals:4 1 runed door, Ilsuiw
Snake:1 3 runed doors, exclusion: obsidian statue, Utaireq's ghost, journeyman DsFi
Orc:1 Tubeyxat's ghost, journeyman HOMo


Innate Abilities, Weirdness & Mutations

You are small and have problems with some larger weapons.
You are carnivorous and can eat meat at any time.
You tend to lose your temper in combat.
You are somewhat resistant to further mutation.


Message History

You hear a splash.
The cyclops throws a large rock.
The large rock hits you but does no damage.
You hear a splash.
The dream sheep ruffles its wool and motes of dream dust sparkle, to no effect.
The merfolk throws a tomahawk.
The tomahawk hits you but does no damage.
You hear a splash.
The merfolk javelineer throws a javelin of penetration.
The javelin of penetration pierces through you!
The merfolk siren hits you but does no damage.
As you read the scroll of fog, it crumbles to dust.
The scroll dissolves into smoke.
A merfolk impaler comes into view.
It is wielding a +0 trident of freezing.
Something barely misses you.
The merfolk javelineer throws a javelin.
The javelin misses you.
The merfolk avatar chants a haunting song.
You resist with some effort.
The merfolk javelineer throws a javelin of penetration.
The javelin of penetration pierces through you but does no damage.
You hear a splash.
The merfolk throws a tomahawk.
The tomahawk closely misses you.
You hear a splash.
The merfolk siren chants a haunting song.
You are mesmerised by the merfolk siren!
The cyclops throws a large rock.
The large rock hits you!!
You hear a splash.
Your iron troll goes berserk!
Something closely misses you.
A merfolk javelineer comes into view. It is wielding a +2 spear of piercing.
A sea snake comes into view.
The merfolk avatar chants a haunting song.
The merfolk javelineer throws a javelin of penetration.
The javelin of penetration pierces through you.
You hear a splash.
The merfolk siren chants its luring song.
Your iron troll goes berserk!
You feel quite a bit less full.
An alligator snapping turtle comes into view.
A merfolk aquamancer comes into view. It is wielding a +0 rapier.
You hear some strange, mumbled words.
The merfolk avatar chants its luring song.
The merfolk siren barely misses you.
The merfolk siren chants its luring song.
Your iron troll bites the merfolk siren!
Your iron troll claws the merfolk siren!
Your iron troll claws the merfolk siren.
The water elemental disappears in a puff of smoke!
The merfolk throws a tomahawk.
The tomahawk hits you but does no damage.
You hear a splash.
A shard of ice appears from out of thin air!
The shard of ice hits you! You partially resist.
The dream sheep ruffles its wool and motes of dream dust sparkle, to no effect.
The merfolk avatar chants its luring song.
Your iron troll bites the merfolk siren!!
The merfolk siren dies!
Trog accepts your kill.
Trog appreciates your killing of a magic user.
You hear a splash.
The merfolk closely misses you.
The merfolk siren hits you from afar with a +0 trident of venom.
The merfolk javelineer throws a javelin of penetration.
The javelin of penetration pierces through you but does no damage.
You hear a splash.
Your iron troll bites the merfolk.
Your iron troll claws the merfolk!! x2
You see here a tomahawk.
Unknown command.
Unknown command.
Unknown command.
You cannot move away from the merfolk avatar!
Unknown command.
Unknown command.
Unknown command.
Unknown command.
Unknown command.
Unknown command.
Unknown command.
You feel much better.
The pull of its song draws you forwards.
A merfolk aquamancer comes into view. It is wielding a +0 rapier.
The merfolk javelineer throws a javelin.
The javelin barely misses you.
The javelin hits the water elemental!
You hear a splash.
The merfolk impaler hits you from afar with a +0 trident of freezing!!
The merfolk impaler freezes you.
The dream sheep shake their wool and sparkle.
You feel drowsy...
You fall asleep.
The merfolk avatar chants its luring song.
The water elemental hits you!!!
You wake up.
* * * LOW HITPOINT WARNING * * *
The water elemental engulfs you in water!
The merfolk hits your iron troll with a +0 trident.
Your iron troll bites the merfolk!!
The merfolk dies!
Trog accepts your kill.
You hear a splash.
Something hits you.
You die...

##+###≈<.C.....,,,,,,,,,,,,,,,,,,
,,,,,##..≈≈≈≈≈≈≈≈≈≈≈Y≈≈≈,,,,,,,,,
,,,,,,#.≈≈≈≈≈P≈≈≈≈≈≈≈m≈≈.,,,,,,,,
,,,,,,#.P≈≈≈≈≈≈≈≈≈≈≈≈m≈≈..,,,≈,,,
,,,,,*#P≈≈PP≈≈≈≈≈≈≈≈≈≈≈≈..,≈≈≈,,,
##+*##≈PP≈≈≈≈≈≈≈Yt≈≈m≈≈≈..,≈≈≈,,,
8#,*8≈≈.≈≈≈≈(≈Pm≈m≈≈≈≈≈≈..,,,,,,,
##+**#≈.PP≈≈≈§P)S≈≈≈≈≈≈≈..*,**≈,,
,,,,,*#.≈≈P≈P§§T@§≈≈≈≈≈≈..*****,,
,,,,,,#.≈≈≈≈≈§P§TEE≈≈C≈≈.#,**≈,,,
,,,,,,#.P≈≈P≈≈§§m{≈≈≈≈≈##,,,≈,,,*
,,,,,##.≈≈≈≈≈≈§§§(Em≈≈≈#**,*,*,≈*
#*+*##≈.≈≈≈≈≈≈≈)≈≈≈m≈≈≈#**≈,,,≈,*
#*+*#≈≈..≈≈##≈###≈≈m≈≈≈≈#*,*,*,**
#,,,#≈...≈#####*#≈≈≈≈≈≈##,,,≈,,,*
#,,,#≈).###,*≈≈,≈#≈≈≈≈≈≈.,,*,≈,*,
##,##≈..#*,≈≈≈,≈≈#≈≈≈≈≈≈..*****,,


You could see an alligator snapping turtle, a merfolk avatar, a merfolk impaler,
3 merfolk javelineers, a sea snake, 2 merfolk aquamancers, a merfolk, a cyclops,
3 water elementals, a merfolk siren, 2 dream sheep and 2 friendly iron trolls.

Vanquished Creatures
  A kraken (Shoals:4)
  Polyphemus (Shoals:2)
  Kirke (Lair:6)
  A nagaraja (Snake:3)
  A frost giant (Shoals:4)
  Louise (Shoals:4)
  5 merfolk impalers
  2 merfolk javelineers
  Harold (D:7)
  A yaktaur captain (D:15)
  An ogre mage (D:15)
  4 naga warriors
  A catoblepas (Shoals:2)
  2 vault guards (D:14)
  8 hydras
  Erica (D:9)
  An alligator snapping turtle (Shoals:4)
  7 centaur warriors
  4 merfolk aquamancers
  6 two-headed ogres
  A tengu warrior (D:14)
  2 satyrs
  4 merfolk avatars
  3 anacondas (Snake:3)
  2 death yaks (Shoals:2)
  Urug (Lair:4)
  5 orc high priests
  2 naga sharpshooters
  2 shock serpents
  Nergalle (Orc:1)
  5 salamander mystics
  A sixfirhy (Lair:6)
  3 unseen horrors
  15 sea snakes
  5 naga ritualists
  4 wizards
  An orc knight (Orc:1)
  A wolf spider zombie (D:12)
  10 harpies
  A necromancer (D:14)
  A deep elf mage (D:15)
  10 manticores
  9 ugly things
  2 mana vipers (Snake:3)
  2 orc sorcerers
  7 cyclopes
  3 moths of wrath (Lair:5)
  15 fauns
  16 salamanders
  11 elephants (Lair:6)
  9 merfolk sirens
  20 black mambas
  5 water nymphs
  8 naga magi
  A guardian serpent (Snake:3)
  A gargoyle (D:14)
  An eye of devastation (Lair:6)
  14 spiny frogs
  2 orange demons (Lair:6)
  2 torpor snails
  2 efreet
  2 rime drakes (Lair:6)
  4 kobold demonologists
  A hellwing (Lair:6)
  4 trolls
  3 ice devils (Lair:6)
  8 komodo dragons
  A red devil (Lair:6)
  22 merfolk
  A wind drake (shapeshifter) (D:14)
  A queen bee (D:12)
  10 tyrant leeches (Lair:5)
  4 wind drakes
  5 blink frogs (Lair:2)
  Prince Ribbit (D:7)
  A polar bear (Lair:6)
  8 slime creatures (D:12)
  9 dream sheep
  A meliai zombie (D:14)
  12 hippogriffs
  4 snapping turtles
  2 shadows
  A vampire (D:13)
  2 hogs (Lair:6)
  2 wraiths
  8 wyverns
  2 fire elementals (Snake:2)
  18 humans (D:14)
  4 basilisks
  16 water elementals
  20 yaks
  Grum (D:11)
  4 fire bats (D:13)
  Edmund (D:4)
  3 hungry ghosts
  Menkaure (D:7)
  3 steam dragons
  13 vampire mosquitoes
  3 wargs
  4 swamp worms (Lair:5)
  30 nagas
  A soldier ant (shapeshifter) (D:13)
  7 hell hounds
  An acid dragon (D:13)
  9 water moccasins
  12 porcupines
  25 orc warriors
  3 black bears
  4 sky beasts
  An eye of draining (Lair:6)
  3 ice beasts
  3 boggarts (D:9)
  A phantom (D:5)
  A necrophage (D:10)
  14 ogres
  14 wolves
  13 crocodiles
  3 centaurs
  4 big kobolds
  Blork the orc (D:5)
  20 bullfrogs
  5 scorpions
  2 wyvern zombies
  A wyvern skeleton (D:14)
  14 killer bees (D:12)
  10 wights
  5 electric eels (D:10)
  3 howler monkeys
  9 crimson imps
  2 lava snakes (D:13)
  2 centaur zombies
  A quasit (D:14)
  3 bullfrog zombies
  3 bullfrog skeletons
  26 orc priests
  A human zombie (Ossuary)
  5 jellies
  7 hounds
  30 orc wizards
  3 centaur skeletons
  2 gnoll shamans
  3 iguanas
  Natasha (thrice) (D:4)
  A worker ant (D:4)
  3 mummies (Ossuary)
  A hound zombie (D:5)
  19 gnolls
  16 adders
  4 shadow imps
  An adder skeleton (D:6)
  6 worms
  2 dart slugs
  4 leopard geckos
  100 orcs
  2 giant cockroaches
  9 goblins
  5 hobgoblins
  8 jackals
  2 quokkas
  4 ball pythons
  A ball python zombie (D:5)
  5 bats
  6 frilled lizards
  2 goblin zombies (Ossuary)
  3 hobgoblin zombies (Ossuary)
  A jackal zombie (D:7)
  20 kobolds
  A leopard gecko skeleton (D:6)
  2 orc zombies (Ossuary)
  A quokka skeleton (D:9)
  7 rats
  A bush (Lair:5)
  3 fire vortices (D:13)
  7 plants
  2 tentacles (Shoals:4)
1029 creatures vanquished.

Vanquished Creatures (collateral kills)
  Azrael (Snake:2)
  A merfolk impaler (Shoals:3)
  A hydra (Lair:3)
  4 merfolk avatars
  2 naga sharpshooters (Snake:2)
  A sea snake (Shoals:2)
  A manticore (Shoals:3)
  2 fauns (Shoals:2)
  3 ugly things
  2 merfolk sirens
  A spiny frog (Lair:2)
  2 merfolk
  A tyrant leech (Lair:5)
  A slime creature (D:12)
  2 fire elementals (Snake:2)
  2 hell hounds (Snake:2)
  2 orc warriors (D:12)
  An orc priest (D:12)
  3 orcs (D:12)
33 creatures vanquished.

Vanquished Creatures (others)
  Vashnia (Snake:2)
  An unseen horror (D:14)
  A cyclops (D:14)
  A black mamba (Snake:1)
  A yaktaur (D:15)
  A human (Lair:6)
  A hog (Lair:6)
  A worker ant (D:13)
  An orc (D:7)
  A goblin (D:2)
  A kobold (D:14)
  9 bushes (D:14)
  10 fungi
  25 plants
  6 tentacles (Shoals:4)
61 creatures vanquished.

Grand Total: 1123 creatures vanquished

Notes
Turn   | Place    | Note
-------+----------+-------------------------------------------
     0 | D:1      | Mgcat the Kobold Fighter began the quest for the Orb.
     0 | D:1      | Reached XP level 1. HP: 14/14 MP: 1/1
   166 | D:1      | Reached skill level 3 in Short Blades
   168 | D:1      | HP: 2/14 [jackal (2)]
   461 | D:1      | Reached XP level 2. HP: 19/19 MP: 2/2
  1155 | D:2      | HP: 5/20 [worm (9)]
  1156 | D:2      | Reached XP level 3. HP: 6/24 MP: 3/3
  1381 | D:2      | Reached skill level 4 in Fighting
  1467 | D:2      | Reached skill level 4 in Short Blades
  1492 | D:2      | HP: 6/24 [poisoned by an adder]
  1499 | D:2      | HP: 5/24 [poisoned by an adder]
  1507 | D:2      | HP: 4/24 [poisoned by an adder]
  1758 | D:2      | Reached XP level 4. HP: 21/30 MP: 4/4
  1907 | D:2      | HP: 7/30 [poisoned by an adder]
  1914 | D:2      | HP: 6/30 [poisoned by an adder]
  1922 | D:2      | HP: 5/30 [poisoned by an adder]
  2198 | D:2      | Found a glowing golden altar of the Shining One.
  2387 | D:2      | HP: 7/30 [poisoned by an adder]
  2393 | D:2      | HP: 6/30 [poisoned by an adder]
  2400 | D:2      | HP: 5/30 [poisoned by an adder]
  2637 | D:2      | Gained mutation: You are somewhat resistant to further
                  | mutation. [potion of mutation]
  2646 | D:2      | Reached XP level 5. HP: 20/34 MP: 5/5
  2806 | D:2      | Reached skill level 5 in Short Blades
  2970 | D:2      | HP: 8/34 [poisoned by an adder]
  2978 | D:2      | HP: 7/34 [poisoned by an adder]
  3259 | D:2      | Reached skill level 5 in Fighting
  3868 | D:3      | Found a runed door.
  4009 | D:3      | HP: 8/35 [frilled lizard (3)]
  4194 | D:3      | Reached skill level 6 in Short Blades
  4194 | D:3      | Reached XP level 6. HP: 37/40 MP: 6/6
  4248 | D:3      | Found a glowing silver altar of Zin.
  4401 | D:3      | Found a hazy altar of Hepliaklqana.
  4610 | D:3      | Found a runed gate.
  4611 | D:3      | Found a runed gate.
  4611 | D:3      | Found a runed gate.
  4613 | D:3      | Noticed Gorice's ghost (amateur GnWn)
  4727 | D:3      | Found a snail-covered altar of Cheibriados.
  5006 | D:4      | Reached skill level 7 in Short Blades
  5035 | D:4      | Found a sand-covered staircase.
  5040 | Ossuary  | Entered an ossuary
  5132 | Ossuary  | Reached XP level 7. HP: 25/44 MP: 7/7
  5339 | D:4      | Noticed Natasha
  5348 | D:4      | Killed Natasha
  5348 | D:4      | Reached skill level 8 in Short Blades
  5425 | D:4      | Noticed Natasha
  5432 | D:4      | Killed Natasha
  5497 | D:4      | HP: 7/44 [orc priest/divine providence (12)]
  5502 | D:3      | HP: 5/44 [poisoned by an orc]
  5508 | D:3      | HP: 4/44 [poisoned by an orc]
  5516 | D:3      | HP: 3/44 [poisoned by an orc]
  6054 | D:4      | Found a blossoming altar of Fedhas.
  6077 | D:4      | Noticed an oklob plant
  6198 | D:4      | Noticed Edmund
  6230 | D:4      | Killed Edmund
  6230 | D:4      | Reached skill level 9 in Short Blades
  6340 | D:4      | Noticed Natasha
  6350 | D:4      | Killed Natasha
  6549 | D:5      | Entered Level 5 of the Dungeon
  6594 | D:5      | Reached skill level 10 in Short Blades
  6598 | D:5      | Reached XP level 8. HP: 48/49 MP: 8/8
  6789 | D:5      | Got a transparent helmet
  6839 | D:5      | HP: 5/49 [something/ball of steam (11)]
  6998 | D:5      | Identified the cursed -3 helmet of the Crypt {Slay+2} (You
                  | found it on level 5 of the Dungeon)
  7079 | D:5      | Noticed Blork the orc
  7096 | D:5      | Killed Blork the orc
  7254 | D:5      | Reached skill level 11 in Short Blades
  7429 | D:5      | Reached skill level 3 in Armour
  7769 | D:5      | Found a hide-covered altar of Uskayaw.
  8059 | D:6      | Found Etuakam's Gadget Shoppe.
  8155 | D:6      | HP: 4/49 [steam dragon/ball of steam (14)]
  8156 | D:6      | Reached XP level 9. HP: 4/54 MP: 9/9
  8156 | D:6      | HP: 1/54 [something (3)]
  8475 | D:6      | Reached skill level 12 in Short Blades
  8475 | D:6      | Reached skill level 4 in Armour
  8552 | D:6      | Found an ancient bone altar of Kikubaaqudgha.
  8992 | D:6      | Found a staircase to the Ecumenical Temple.
  9008 | D:6      | Found an opulent altar of Gozag.
  9025 | Temple   | Entered the Ecumenical Temple
  9045 | Temple   | Became a worshipper of Trog the Wrathful
  9251 | D:6      | Found a runed door.
  9251 | D:6      | Noticed CasualChangeling's ghost (novice KoHu)
  9314 | D:7      | HP: 6/54 [steam dragon] (8)]
  9320 | D:7      | HP: 5/54 [steam dragon/ball of steam (7)]
  9321 | D:7      | HP: 1/54 [steam dragon (7)]
  9332 | D:7      | Reached skill level 5 in Armour
  9584 | D:7      | Found an iron altar of Okawaru.
  9798 | D:7      | Reached skill level 13 in Short Blades
  9830 | D:7      | Reached skill level 1 in Dodging
  9979 | D:7      | Noticed Menkaure
  9993 | D:7      | Killed Menkaure
  9993 | D:7      | Reached skill level 2 in Dodging
  9993 | D:7      | Reached skill level 3 in Shields
 10014 | D:7      | Noticed Prince Ribbit
 10040 | D:7      | Killed Prince Ribbit
 10087 | D:7      | Reached skill level 3 in Dodging
 10189 | D:7      | Noticed Harold
 10233 | D:7      | Killed Harold
 10233 | D:7      | Reached skill level 4 in Dodging
 10233 | D:7      | Reached skill level 4 in Shields
 10233 | D:7      | Reached XP level 10. HP: 27/59 MP: 10/10
 10475 | D:7      | Reached skill level 5 in Dodging
 10497 | D:7      | Reached * piety under Trog
 10497 | D:7      | Reached skill level 14 in Short Blades
 10655 | D:7      | Reached skill level 5 in Shields
 10826 | D:8      | Reached skill level 6 in Fighting
 11218 | D:9      | Found a stormy altar of Qazlal.
 11263 | D:9      | Reached skill level 7 in Fighting
 11361 | D:9      | HP: 4/63 [porcupine's spines (13)]
 11729 | D:9      | Reached skill level 8 in Fighting
 11740 | D:9      | Reached XP level 11. HP: 25/68 MP: 11/11
 11743 | D:9      | Noticed Erica
 11749 | D:9      | HP: 16/68 [something/ball of steam (11)]
 11751 | D:9      | HP: 3/68 [steam dragon] (7)]
 11756 | D:9      | HP: 4/68 [steam dragon (7)]
 12058 | D:8      | Reached skill level 9 in Fighting
 12287 | D:9      | Reached ** piety under Trog
 12358 | D:9      | Found a staircase to the Lair.
 12364 | D:9      | Got a twisted rapier
 12367 | D:9      | Identified the +11 rapier of Change {flame, rElec rPois MR+
                  | Dex-5} (You found it on level 9 of the Dungeon)
 12448 | D:9      | Killed Erica
 12448 | D:9      | Reached skill level 10 in Fighting
 12549 | D:9      | Upgraded the game from 0.23-a0-333-g006994f to
                  | 0.23-a0-335-gba3dfdf
 12721 | D:10     | Entered Level 10 of the Dungeon
 13139 | D:10     | Reached skill level 6 in Shields
 13172 | D:10     | Reached *** piety under Trog
 13383 | D:10     | Reached skill level 7 in Shields
 13779 | D:10     | Found a portal to a secret trove of treasure.
 13833 | D:10     | Noticed a two-headed ogre
 13849 | D:10     | Killed a two-headed ogre
 13849 | D:10     | Reached skill level 8 in Shields
 13849 | D:10     | Reached XP level 12. HP: 78/78 MP: 12/12
 14174 | D:11     | Noticed Grum
 14203 | D:11     | Killed Grum
 14458 | D:11     | Reached skill level 9 in Shields
 14828 | D:11     | Reached **** piety under Trog
 15032 | Lair:1   | Entered Level 1 of the Lair of Beasts
 15146 | Lair:1   | Reached skill level 10 in Shields
 16153 | Lair:2   | Reached skill level 11 in Shields
 16481 | Lair:2   | Found a staircase to the Shoals.
 16746 | Lair:2   | Reached XP level 13. HP: 83/83 MP: 13/13
 16968 | Lair:2   | Found a staircase to the Snake Pit.
 17145 | Lair:2   | Reached ***** piety under Trog
 17521 | Lair:3   | Noticed a seven-headed hydra
 17541 | Lair:3   | Killed a seven-headed hydra
 17541 | Lair:3   | Reached skill level 12 in Shields
 17618 | Lair:3   | Noticed a six-headed hydra
 17624 | Lair:3   | Killed a six-headed hydra
 18548 | Lair:4   | Noticed Urug
 18557 | Lair:4   | Killed Urug
 19391 | Lair:5   | Reached skill level 13 in Shields
 20757 | Lair:5   | Identified the Almanac of Unholy Flames
 20844 | Lair:6   | Entered Level 6 of the Lair of Beasts
 20858 | Lair:6   | Noticed a four-headed hydra
 20869 | Lair:6   | Killed a four-headed hydra
 20886 | Lair:6   | Noticed Nessos
 20886 | Lair:6   | Noticed a seven-headed hydra
 20887 | Lair:6   | Noticed Nessos
 20887 | Lair:6   | Nessos changed into Nessos the torpor snail
 20897 | Lair:6   | Killed a seven-headed hydra
 20901 | Lair:6   | Killed Nessos the torpor snail
 20901 | Lair:6   | Reached XP level 14. HP: 65/88 MP: 14/14
 20945 | Lair:6   | Reached skill level 14 in Shields
 21117 | Lair:6   | Noticed Kirke
 21135 | Lair:6   | Killed Kirke
 21135 | Lair:6   | Reached skill level 6 in Armour
 21142 | Lair:6   | Found a staircase to the Slime Pits.
 21211 | Lair:6   | Reached skill level 7 in Armour
 21576 | Lair:6   | Reached skill level 8 in Armour
 21867 | Lair:6   | HP: 15/88 [disintegration (36)]
 22327 | Lair:6   | Found a burning altar of Makhleb.
 22391 | Lair:6   | Reached skill level 9 in Armour
 22447 | Lair:6   | Found a gateway to Hell.
 22729 | D:12     | Found a white marble altar of Elyvilon.
 23034 | D:12     | Found a roughly hewn altar of Beogh.
 23034 | D:12     | Found a staircase to the Orcish Mines.
 23349 | D:12     | Got a polished chain mail
 23360 | D:12     | Identified the cursed +1 chain mail "Leyrchobb" {+Inv rElec
                  | Str+2 Int+2} (You found it on level 12 of the Dungeon)
 23389 | D:12     | Reached skill level 10 in Armour
 23407 | D:12     | Reached ****** piety under Trog
 23560 | D:12     | Reached XP level 15. HP: 93/93 MP: 15/15
 23755 | Orc:1    | Entered Level 1 of the Orcish Mines
 23875 | Orc:2    | Entered Level 2 of the Orcish Mines
 23880 | Orc:2    | Found a roughly hewn altar of Beogh.
 24026 | Orc:2    | Received a gift from Trog
 24059 | Orc:2    | Gained mutation: You tend to lose your temper in combat. [a
                  | neqoxec]
 24236 | Orc:2    | Reached skill level 6 in Dodging
 24256 | Orc:2    | Found Loczenuwn's Magic Scroll Boutique.
 24274 | Orc:2    | Bought a scroll of enchant armour for 75 gold pieces
 24378 | Orc:2    | Found a staircase to the Elven Halls.
 24398 | Orc:2    | Found Segag's Magic Scroll Emporium.
 24408 | Orc:2    | Bought a scroll of enchant armour for 82 gold pieces
 24500 | Orc:2    | Found Koakoyhe's Armour Shop.
 24509 | Orc:2    | Found Muduwk's Antique Weapon Emporium.
 24536 | Orc:2    | Bought a translucent lajatang for 440 gold pieces
 24536 | Orc:2    | Identified the +8 lajatang of Aru Pyr {slice, rPois rC+
                  | Str+4 Int+5} (You bought it in a shop on level 2 of the
                  | Orcish Mines)
 24554 | Orc:2    | Reached skill level 11 in Fighting
 24617 | Orc:2    | Found Sakkiff's Magic Scroll Boutique.
 24617 | Orc:2    | Found Kecoe's Antique Weapon Shop.
 24618 | Orc:2    | Found Hutaagej's Magic Scroll Shop.
 24621 | Orc:2    | Found Zumeuxergh's General Store.
 24822 | Orc:2    | Found Gotiacekk's General Store.
 24852 | Orc:1    | Reached skill level 1 in Staves
 25044 | Orc:1    | Received a gift from Trog
 25197 | Orc:1    | Reached skill level 2 in Staves
 25393 | Orc:1    | Noticed Nergalle
 25402 | Orc:1    | Killed Nergalle
 25402 | Orc:1    | Reached skill level 7 in Dodging
 25437 | Orc:1    | Found a runed gate.
 25437 | Orc:1    | Found a runed gate.
 25438 | Orc:1    | Found a runed gate.
 25449 | Orc:1    | Noticed Tubeyxat's ghost (journeyman HOMo)
 25497 | Orc:1    | Found a roughly hewn altar of Beogh.
 25923 | D:13     | Reached skill level 3 in Staves
 26572 | D:13     | Reached skill level 8 in Dodging
 27159 | D:14     | Received a gift from Trog
 27162 | D:14     | Got a bloodstained short sword {god gift}
 27163 | D:14     | Identified the +5 short sword of Ewniuteg {freeze, rPois
                  | rF- MR+} (Trog gifted it to you on level 14 of the Dungeon)
 27258 | D:14     | Reached skill level 4 in Staves
 27406 | D:14     | Reached skill level 12 in Fighting
 27731 | D:14     | Found a gate to the Vaults.
 27758 | D:14     | Reached skill level 9 in Dodging
 27936 | D:14     | Found a runed gate.
 27940 | D:14     | Found a runed gate.
 27940 | D:14     | Noticed a stone giant
 27941 | D:14     | Noticed epen's ghost (journeyman GnAK)
 27942 | D:14     | Found a runed gate.
 28045 | D:14     | Found an iron altar of Okawaru.
 28062 | D:14     | Reached skill level 5 in Staves
 28062 | D:14     | Reached XP level 16. HP: 77/103 MP: 16/16
 28151 | D:14     | HP: 30/154 [white ugly thing (15)]
 29024 | D:14     | Reached skill level 10 in Dodging
 29379 | D:15     | Entered Level 15 of the Dungeon
 29405 | D:15     | Reached skill level 6 in Staves
 29543 | D:15     | Received a gift from Trog
 29556 | D:15     | Reached skill level 13 in Fighting
 29882 | D:15     | Found a staircase to the Depths.
 30097 | D:15     | Found a sacrificial altar of Ru.
 30104 | D:15     | Reached skill level 7 in Staves
 30657 | Snake:1  | Entered Level 1 of the Snake Pit
 30694 | Snake:1  | HP: 25/105 [poisoned by a black mamba]
 30699 | Snake:1  | Reached skill level 9 in Staves
 30699 | Snake:1  | Reached XP level 17. HP: 31/110 MP: 17/17
 31320 | Snake:1  | Got a polished helmet
 31331 | Snake:1  | Identified the +0 helmet of Proximity {Str+4 Dex-4} (You
                  | found it on level 1 of the Snake Pit)
 31386 | Snake:1  | Found a runed gate.
 31386 | Snake:1  | Found a runed gate.
 31388 | Snake:1  | Noticed Utaireq's ghost (journeyman DsFi)
 31389 | Snake:1  | Found a runed gate.
 31392 | Snake:1  | Found Oceroosu's Assorted Antiques.
 31393 | Snake:1  | Found an opulent altar of Gozag.
 31394 | Snake:1  | Found Idataigh's Assorted Antiques.
 31558 | Snake:2  | Found Losubair's Distillery.
 31642 | Snake:2  | Noticed Vashnia
 31659 | Snake:2  | Reached skill level 14 in Fighting
 31669 | Snake:2  | Killed Vashnia
 32291 | Snake:2  | Reached skill level 10 in Staves
 32372 | Snake:2  | Noticed Azrael
 32377 | Snake:2  | Killed Azrael
 32377 | Snake:2  | Reached XP level 18. HP: 45/117 MP: 18/18
 33675 | Snake:3  | Reached skill level 15 in Fighting
 33903 | Snake:3  | Reached skill level 11 in Staves
 33998 | Snake:3  | Received a gift from Trog
 34665 | Shoals:1 | Entered Level 1 of the Shoals
 34703 | Shoals:1 | Reached skill level 12 in Staves
 35226 | Shoals:1 | Received a gift from Trog
 35380 | Shoals:1 | Reached skill level 13 in Staves
 35798 | Shoals:2 | Found Ciuk's Weapon Boutique.
 35981 | Shoals:2 | HP: 27/119 [drowned by a drowned soul[a merfolk avatar]
                  | (12)]
 36628 | Shoals:2 | Noticed Polyphemus
 36652 | Shoals:2 | Killed Polyphemus
 36674 | Shoals:2 | Reached XP level 19. HP: 92/124 MP: 19/19
 36981 | Shoals:2 | Reached skill level 14 in Staves
 37252 | Shoals:3 | Reached skill level 1 in Evocations
 37276 | Shoals:3 | Reached skill level 2 in Evocations
 37441 | Shoals:3 | Reached skill level 3 in Evocations
 37466 | Shoals:3 | HP: 31/124 [drowned by a drowned soul[a merfolk avatar]
                  | (12)]
 37473 | Shoals:3 | Reached skill level 4 in Evocations
 37873 | Shoals:3 | Reached skill level 5 in Evocations
 38076 | Shoals:3 | HP: 46/186 [merfolk javelineer/silver javelin (13)]
 38078 | Shoals:3 | Reached skill level 6 in Evocations
 38757 | Shoals:4 | Entered Level 4 of the Shoals
 38773 | Shoals:4 | Reached skill level 7 in Evocations
 38865 | Shoals:4 | Received a gift from Trog
 38999 | Shoals:4 | Reached skill level 8 in Evocations
 39313 | Shoals:4 | Noticed Louise
 39315 | Shoals:4 | Reached skill level 9 in Evocations
 39333 | Shoals:4 | Killed Louise
 39775 | Shoals:4 | Reached skill level 10 in Evocations
 40181 | D:14     | Identified a scroll of acquirement
 40182 | D:14     | Got a faintly glowing gossamer ring
 40183 | D:14     | Identified the ring "Nyanaocaz" {rN+ Str+4 Int+4} (You
                  | acquired it on level 14 of the Dungeon)
 40592 | Shoals:4 | Found Sopp's Food Boutique.
 40610 | Shoals:4 | Found a runed door.
 41329 | Shoals:4 | Noticed Ilsuiw
 41337 | Shoals:4 | HP: 2/124 [water elemental[Ilsuiw] (37)]
 41337 | Shoals:4 | Slain by Ilsuiw

Vault maps used:
D:1:      roderic_dead_forest
D:2:      tso_metal_star, dk_vineyard_3, moated_statue, minmay_snake_closets
D:3:      marbit_many_paths, nicolae_overflow_hidden_temple,
          lemuel_doored_altar, cheibrodos_sewer_entry_bend,
          gammafunk_ghost_necromancy, serial_bayou_pond_a,
          hangedman_abyss_or_decor_lesser_grid, guppyfry_early_orc_mine,
          uniq_crazy_yiuf_cottage
D:4:      tgw_fedhas, enter_ossuary_2, minmay_hedge_maze, uniq_edmund,
          uniq_natasha
D:5:      kennysheep_steamy, overflow_temple_1_default, first_ration,
          uniq_blork_the_orc
D:6:      kiku_gazebo_pond_becter, grunt_gozag_statues,
          minmay_temple_entry_statues_fountains, gammafunk_ghost_grave,
          serial_shops, shop_coins
D:7:      okawaru_trees_1, uniq_menkaure, uniq_harold, uniq_prince_ribbit1
D:9:      old_standard_altar, minmay_lair_entry_grove, uniq_erica
D:10:     erik_rubicon_a, trove_entry_hex_spiral
D:11:     uniq_grum
D:12:     david_orc_5, basic_altar, david_nohive_1, kennysheep_generic_room_6
D:13:     eino_small_chamber_without_monster, chequers_serial_rivers_small_b,
          hangedman_incinerator
D:14:     wad_woods_structure_01, grunt_vaults_entry_tiered,
          serial_park_square3, gammafunk_ghost_fury_of_okawaru
D:15:     grunt_enter_depths_snipers, minmay_misc_feat_alley,
          hangedman_ru_absence
Temple:   dshaligram_water_room_temple
Lair:1:   serial_bayou_shore_b, lemuel_fruit_tree, grunt_megastairs_5
Lair:2:   elwin_shoals_entry_rocks, minmay_snake_entry_guardpost_large,
          beast_lair_carwin_9
Lair:3:   chequers_serial_rivers_large_a
Lair:4:   chequers_serial_rivers_micro_a, uniq_urug
Lair:5:   worms_lemuel, grunt_megastairs_2
Lair:6:   evil_forest, minmay_slime_entry_eyes, uniq_kirke, uniq_nessos
Shoals:2: serial_shops, shop, uniq_polyphemus
Shoals:4: shoals_end_grunt_ice, shoals_ilsuiw_ice, serial_shops, shop,
          nicolae_shoals_circle_sea_wall, lightli_airlock, uniq_louise
Snake:1:  ebering_ghost_gozag
Snake:2:  spider_trap, minmay_shop_star, serial_bayou_shore_b, uniq_azrael,
          uniq_vashnia
Orc:1:    biasface_ghost_orc_armoury, uniq_nergalle
Orc:2:    st_orc_mages, basic_altar, serial_shops, shop, shop,
          nicolae_shop_waterfront, nicolae_shop_behind_doors, shop,
          mines2_lemuel
Ossuary:  ossuary_crypta

Skill      XL: |  1  2  3  4  5  6  7  8  9 10 11 12 13 14 15 16 17 18 19 |
---------------+----------------------------------------------------------+-----
Short Blades   | 3 4 6 7 10 11 13 14 | 14.4
Fighting       | 4 5 8 10 12 13 14 15 | 15.1
Armour         | 3 5 10 | 10.2
Dodging        | 4 5 9 10 | 10.3
Shields        | 4 5 8 11 13 14 | 14.0
Staves         | 5 9 10 13 14 | 14.1
Evocations     | 10 | 10.0

Action                   |  1- 3 |  4- 6 |  7- 9 | 10-12 | 13-15 | 16-18 | 19-21 || total
-------------------------+-------+-------+-------+-------+-------+-------+-------++-------
Melee: Rapier            |    92 |   340 |   581 |   721 |  1446 |  1132 |    46 ||  4358
       Lajatang          |       |       |       |       |       |       |   370 ||   370
Invok: Berserk           |       |       |       |     4 |    12 |    19 |     6 ||    41
       Trog's Hand       |       |       |       |     1 |     6 |       |     2 ||     9
       Brothers in Arms  |       |       |       |       |     3 |     7 |     3 ||    13
Evoke: Wand              |       |       |     2 |     1 |    10 |     1 |    19 ||    33
  Use: Potion            |     3 |     6 |    10 |     6 |       |     2 |     2 ||    29
       Scroll            |       |     6 |     7 |    17 |    10 |     3 |     6 ||    49
 Stab: Distracted        |       |       |       |       |       |     1 |     1 ||     2
  Eat: Chunk             |    11 |    11 |    16 |    27 |    54 |    50 |    28 ||   197
Armor: Scale mail        |    25 |    66 |       |       |       |       |       ||    91
       Plate armour      |       |    40 |   158 |   177 |   141 |       |       ||   516
       Chain mail        |       |       |       |       |   128 |   257 |   172 ||   557
Dodge: Dodged            |    32 |    65 |    56 |   100 |   239 |   261 |   290 ||  1043
Block: Shield            |    30 |   162 |   210 |   242 |   618 |   591 |    17 ||  1870
       Reflection        |       |     9 |     1 |     3 |    27 |    63 |     8 ||   111
       Other             |       |       |       |       |       |       |    24 ||    24

Table legend:
 A = Non-vault XP
 B = Vault XP
 C = Vault XP percentage of total XP
 D = Non-vault monster count
 E = Vault monster count
 F = Vault count percentage of total count
                 A         B        C        D         E       F
            +---------+---------+-------+---------+---------+-------
      Total |  191622 |   78096 |  29.0 |     776 |     278 |  26.4
            +---------+---------+-------+---------+---------+-------
        D:1 |      27 |       0 |   0.0 |      15 |       0 |   0.0
        D:2 |     122 |      82 |  40.2 |      25 |       8 |  24.2
        D:3 |     109 |      22 |  16.8 |      25 |       9 |  26.5
        D:4 |     193 |     211 |  52.2 |       8 |       2 |  20.0
        D:5 |     845 |      91 |   9.7 |      28 |       1 |   3.4
        D:6 |     532 |     172 |  24.4 |      13 |       1 |   7.1
        D:7 |    1562 |    1643 |  51.3 |      28 |       4 |  12.5
        D:8 |    1008 |     262 |  20.6 |      12 |       2 |  14.3
        D:9 |    1523 |    2368 |  60.9 |      23 |      12 |  34.3
       D:10 |    5461 |       0 |   0.0 |      38 |       0 |   0.0
       D:11 |    2011 |     543 |  21.3 |      23 |       4 |  14.8
       D:12 |    7682 |    1660 |  17.8 |      39 |      37 |  48.7
       D:13 |    8516 |    1042 |  10.9 |      45 |       7 |  13.5
       D:14 |   10882 |   13997 |  56.3 |      39 |      36 |  48.0
       D:15 |   12523 |    2301 |  15.5 |      33 |       3 |   8.3
     Lair:1 |    3566 |     311 |   8.0 |      14 |       3 |  17.6
     Lair:2 |    4549 |    2460 |  35.1 |      21 |      11 |  34.4
     Lair:3 |    2285 |       0 |   0.0 |       7 |       0 |   0.0
     Lair:4 |    2252 |     847 |  27.3 |      11 |       1 |   8.3
     Lair:5 |    2208 |    5886 |  72.7 |      11 |      20 |  64.5
     Lair:6 |    8310 |   12710 |  60.5 |      18 |      32 |  64.0
   Shoals:1 |   21826 |       0 |   0.0 |      44 |       0 |   0.0
   Shoals:2 |   12160 |    4849 |  28.5 |      25 |       4 |  13.8
   Shoals:3 |   18765 |    1110 |   5.6 |      42 |       1 |   2.3
   Shoals:4 |   14393 |   12515 |  46.5 |      27 |      17 |  38.6
    Snake:1 |    5740 |       0 |   0.0 |      15 |       0 |   0.0
    Snake:2 |    8853 |    6488 |  42.3 |      20 |      13 |  39.4
    Snake:3 |   28163 |       0 |   0.0 |      53 |       0 |   0.0
      Orc:1 |    4471 |     812 |  15.4 |      57 |       1 |   1.7
      Orc:2 |    1085 |    5608 |  83.8 |      17 |      38 |  69.1
    Ossuary |       0 |     106 | 100.0 |       0 |      11 | 100.0
            +---------+---------+-------+---------+---------+-------

Vault maps used:
D:1:      roderic_dead_forest
D:2:      tso_metal_star, dk_vineyard_3, moated_statue, minmay_snake_closets
D:3:      marbit_many_paths, nicolae_overflow_hidden_temple,
          lemuel_doored_altar, cheibrodos_sewer_entry_bend,
          gammafunk_ghost_necromancy, serial_bayou_pond_a,
          hangedman_abyss_or_decor_lesser_grid, guppyfry_early_orc_mine,
          uniq_crazy_yiuf_cottage
D:4:      tgw_fedhas, enter_ossuary_2, minmay_hedge_maze, uniq_edmund,
          uniq_natasha
D:5:      kennysheep_steamy, overflow_temple_1_default, first_ration,
          uniq_blork_the_orc
D:6:      kiku_gazebo_pond_becter, grunt_gozag_statues,
          minmay_temple_entry_statues_fountains, gammafunk_ghost_grave,
          serial_shops, shop_coins
D:7:      okawaru_trees_1, uniq_menkaure, uniq_harold, uniq_prince_ribbit1
D:9:      old_standard_altar, minmay_lair_entry_grove, uniq_erica
D:10:     erik_rubicon_a, trove_entry_hex_spiral
D:11:     uniq_grum
D:12:     david_orc_5, basic_altar, david_nohive_1, kennysheep_generic_room_6
D:13:     eino_small_chamber_without_monster, chequers_serial_rivers_small_b,
          hangedman_incinerator
D:14:     wad_woods_structure_01, grunt_vaults_entry_tiered,
          serial_park_square3, gammafunk_ghost_fury_of_okawaru
D:15:     grunt_enter_depths_snipers, minmay_misc_feat_alley,
          hangedman_ru_absence
Temple:   dshaligram_water_room_temple
Lair:1:   serial_bayou_shore_b, lemuel_fruit_tree, grunt_megastairs_5
Lair:2:   elwin_shoals_entry_rocks, minmay_snake_entry_guardpost_large,
          beast_lair_carwin_9
Lair:3:   chequers_serial_rivers_large_a
Lair:4:   chequers_serial_rivers_micro_a, uniq_urug
Lair:5:   worms_lemuel, grunt_megastairs_2
Lair:6:   evil_forest, minmay_slime_entry_eyes, uniq_kirke, uniq_nessos
Shoals:2: serial_shops, shop, uniq_polyphemus
Shoals:4: shoals_end_grunt_ice, shoals_ilsuiw_ice, serial_shops, shop,
          nicolae_shoals_circle_sea_wall, lightli_airlock, uniq_louise
Snake:1:  ebering_ghost_gozag
Snake:2:  spider_trap, minmay_shop_star, serial_bayou_shore_b, uniq_azrael,
          uniq_vashnia
Orc:1:    biasface_ghost_orc_armoury, uniq_nergalle
Orc:2:    st_orc_mages, basic_altar, serial_shops, shop, shop,
          nicolae_shop_waterfront, nicolae_shop_behind_doors, shop,
          mines2_lemuel
Ossuary:  ossuary_crypta

Table legend:
 A = Turns spent in this place as a percentage of turns spent in the entire game.
 B = Non-inter-level travel turns spent in this place as a percentage of non-inter-level travel turns spent in the entire game.
 C = Inter-level travel turns spent in this place as a percentage of turns spent in this place.
 D = Turns resting spent in this place as a percentage of non-inter-level travel turns spent in this place.
 E = Turns spent auto-exploring this place as a percentage of non-inter-level travel turns spent in this place.
 F = Non-inter-level travel turns spent in this place divided by the number of levels of this place that you've seen.
                   A       B       C       D       E      F
               +-------+-------+-------+-------+-------+----------------------
         Total | 100.0 | 100.0 |   5.8 |  12.6 |  64.9 | 1216.9
       Dungeon |  51.7 |  51.0 |   7.1 |  11.6 |  66.5 | 1323.9
        Temple |   0.1 |   0.1 |  26.7 |   0.0 |  63.6 |  22.0
          Lair |  19.1 |  19.2 |   5.0 |   4.5 |  78.4 | 1247.5
        Shoals |  14.9 |  15.2 |   4.0 |  30.6 |  44.6 | 1478.5
     Snake Pit |   9.1 |   9.3 |   3.3 |   8.6 |  65.5 | 1210.3
  Orcish Mines |   4.5 |   4.5 |   6.0 |   8.8 |  58.0 | 866.5
       Ossuary |   0.7 |   0.8 |   0.0 |   1.3 |  54.5 | 297.0
               +-------+-------+-------+-------+-------+----------------------

Table legend:
 A = Kills in this place as a percentage of kills in entire the game.
 B = Kills by you in this place as a percentage of kills by you in the entire game.
 C = Kills by friends in this place as a percentage of kills by friends in the entire game.
 D = Other kills in this place as a percentage of other kills in the entire game.
 E = Experience gained in this place as a percentage of experience gained in the entire game.
 F = Experience gained in this place divided by the number of levels of this place that you have seen.
                   A       B       C       D       E      F
               +-------+-------+-------+-------+-------+----------------------
         Total | 100.0 | 100.0 | 100.0 | 100.0 | 100.0 | 8428.7
       Dungeon |  49.3 |  49.8 |  30.3 |  80.0 |  28.7 | 5159.3
          Lair |  14.1 |  14.4 |   9.1 |   0.0 |  16.8 | 7564.0
        Shoals |  15.2 |  14.5 |  39.4 |   0.0 |  31.7 | 21404.5
     Snake Pit |   9.6 |   9.2 |  21.2 |  20.0 |  18.3 | 16414.7
  Orcish Mines |  10.7 |  11.1 |   0.0 |   0.0 |   4.4 | 5988.0
       Ossuary |   1.0 |   1.1 |   0.0 |   0.0 |   0.0 | 106.0
               +-------+-------+-------+-------+-------+----------------------
